 Dungeon Crawl Stone Soup version 0.21.1-1-g345015fe64 (webtiles) character file.

3644 Henning the Grappler (level 9, -1/88 HPs)
             Began as a Troll Monk on June 16, 2018.
             Slain by a killer bee (5 damage)
             ... on level 8 of the Dungeon.
             The game lasted 00:26:37 (6276 turns).

Henning the Grappler (Troll Monk)                   Turns: 6276, Time: 00:26:38

Health: -1/88      AC:  6    Str: 26    XL:     9   Next: 88%
Magic:  11/11      EV: 13    Int:  6    God:
Gold:   360        SH:  0    Dex: 15    Spells: 8/8 levels left

rFire    . . .     SeeInvis .     - Unarmed
rCold    . . .     Gourm    +   (no shield)
rNeg     . . .     Faith    .   a - +1 robe
rPois    +         Spirit   .   (helmet restricted)
rElec    .         Reflect  .   (no cloak)
rCorr    .         Harm     .   (gloves unavailable)
MR       +....                  (boots unavailable)
Stlth    ++........             (no amulet)
HPRegen  0.64/turn              r - +5 ring of strength
MPRegen  0.12/turn              h - ring of protection from magic

@: about to teleport
A: large, unfitting armour, claws 3, horns 1, fast metabolism 3, gourmand,
poison resistance, regeneration 1, shaggy fur 1, tough skin 2, sturdy frame 1
a: no special abilities


You were on level 8 of the Dungeon.
You were completely stuffed.

You visited 2 branches of the dungeon, and saw 9 of its levels.
You also visited: Sewer.

You collected 360 gold pieces.

Inventory:

Hand Weapons
 y - a +1 giant spiked club
Armour
 a - a +1 robe (worn)
Jewellery
 g - an uncursed amulet of faith
 h - a ring of protection from magic (right claw)
 j - an uncursed ring of magical power
 r - a +5 ring of strength (left claw)
 t - an uncursed ring of positive energy
 z - an uncursed ring of wizardry
 E - an uncursed ring of ice
Wands
 q - a wand of random effects (17)
Scrolls
 c - 2 scrolls of teleportation
 d - 2 scrolls of amnesia
 m - a scroll of identify
 p - a scroll of remove curse
 x - a scroll of magic mapping
Potions
 e - a potion of mutation
 i - a potion of resistance
 k - a potion of haste {unknown}
 l - a potion of berserk rage {unknown}
 n - 4 potions of magic
 o - 2 potions of lignification
 s - 4 potions of ambrosia
 u - 2 potions of heal wounds
 v - 2 potions of agility
 A - 2 potions of curing
 C - 2 potions of invisibility {unknown}
 D - a potion of brilliance {unknown}
 F - 2 potions of degeneration {unknown}
Books
 f - a book of Maledictions

   Spells                             Type                      Level
   a - Corona                         Hexes                        1
   b - Ensorcelled Hibernation        Hexes/Ice                    2
   c - Confuse                        Hexes                        3
   d - Tukima's Dance                 Hexes                        3
   e - Dazzling Spray                 Conjuration/Hexes            3
 w - a book of Necromancy

   Spells                             Type                      Level
   a - Pain                           Necromancy                   1
   b - Animate Skeleton               Necromancy                   1
   c - Vampiric Draining              Necromancy                   3
   d - Regeneration                   Charms/Necromancy            3
   e - Animate Dead                   Necromancy                   4
   f - Borgnjor's Vile Clutch         Necromancy/Earth             5
 G - a book of Flames

   Spells                             Type                      Level
   a - Flame Tongue                   Conjuration/Fire             1
   b - Throw Flame                    Conjuration/Fire             2
   c - Conjure Flame                  Conjuration/Fire             3
   d - Inner Flame                    Hexes/Fire                   3
   e - Sticky Flame                   Conjuration/Fire             4
   f - Fireball                       Conjuration/Fire             5
Comestibles
 b - 13 rations
 B - 3 chunks of flesh


   Skills:
 + Level 5.6 Fighting
 + Level 5.7 Dodging
 - Level 3.0 Stealth
 * Level 9.2 Unarmed Combat
 + Level 4.0 Evocations


You had 8 spell levels left.
You didn't know any spells.

Dungeon Overview and Level Annotations

Branches:
Dungeon (8/15)             Temple (1/1) D:4            Lair (0/6) D:8

Altars:
Ashenzari
Cheibriados
Dithmenos
Elyvilon
Fedhas
Gozag
Hepliaklqana
Kikubaaqudgha
Makhleb
Nemelex Xobeh
Okawaru
Qazlal
Ru
Sif Muna
Trog
Uskayaw
Vehumet
Wu Jian
Xom
Yredelemnul
Zin
The Shining One

Shops:
D:8 :


Innate Abilities, Weirdness & Mutations

You are too large for most types of armour.
You have claws for hands.
Your metabolism is lightning-fast.
You like to eat raw meat.
Your natural rate of healing is unusually fast.
You are covered in fur. (AC +1)
You have very tough skin. (AC +2)
You have a pair of small horns on your head.
Your system is resistant to poisons. (rPois)
Your movements are slightly less encumbered by armour. (ER -2)


Message History

The killer bee stings you! The killer bee barely misses you.
The killer bee barely misses you. The killer bee stings you.
The killer bee barely misses you. The killer bee stings you!
* * * LOW HITPOINT WARNING * * *
The killer bee stings you.
* * * LOW HITPOINT WARNING * * *
The killer bee completely misses you. The killer bee stings you!
* * * LOW HITPOINT WARNING * * *
The killer bee stings you.
* * * LOW HITPOINT WARNING * * *
The killer bee misses you. The killer bee stings you.
* * * LOW HITPOINT WARNING * * *
The killer bee stings you!
* * * LOW HITPOINT WARNING * * *
Sorry, you're not good enough to have a special ability.
As you read the scroll of teleportation, it crumbles to dust.
You feel strangely unstable. The killer bee barely misses you. x2
The killer bee stings you but does no damage. x2
The killer bee stings you.
You die...

.........#.##...#
###################'######
#....$#[.......'.....#..>#
.....#........#.....#...'
....#........#.(...'...#
#..###...####....######
.##.##..##########....###..#
.......$..y........(....#...
.........yy@............#...
..........yy.....†....))#...
......................))')..
.......................)#...
........................#...
############################


You could see 5 killer bees.

Vanquished Creatures
  The ghost of P0WERM0DE the Chopper, a novice DsFi (D:7)
  Grinder (D:3)
  A hippogriff (D:7)
  A water moccasin (D:8)
  Duvessa (D:7)
  A hell hound (D:8)
  A black bear (D:8)
  A necrophage (D:6)
  A sky beast (D:6)
  2 ogres (D:4)
  A big kobold (D:8)
  6 bullfrogs
  Dowan (D:7)
  7 killer bees
  A howler monkey (D:5)
  3 crimson imps
  A quasit (D:5)
  A jelly (D:5)
  5 hounds
  3 orc wizards
  An orc priest (D:4)
  A bullfrog skeleton (D:4)
  2 centaur skeletons
  Terence (D:2)
  Natasha (thrice) (D:2)
  5 worker ants
  A hound skeleton (D:6)
  A howler monkey skeleton (D:6)
  17 adders
  3 gnolls (D:3)
  3 river rats (D:3)
  2 oozes
  An adder zombie (D:6)
  2 adder skeletons
  4 worms
  5 dart slugs
  7 leopard geckos
  18 orcs
  6 giant cockroaches
  8 goblins
  10 hobgoblins
  2 jackals (D:4)
  6 kobolds
  6 quokkas
  2 ball pythons
  6 bats
  11 frilled lizards
  A jackal skeleton (D:6)
  2 leopard gecko skeletons
  2 quokka skeletons
  5 rats
184 creatures vanquished.

Vanquished Creatures (others)
  A ball python (D:3)
1 creature vanquished.

Grand Total: 185 creatures vanquished

Notes
Turn   | Place    | Note
-------+----------+-------------------------------------------
     0 | D:1      | Henning the Troll Monk began the quest for the Orb.
     0 | D:1      | Reached XP level 1. HP: 22/22 MP: 0/0
   256 | D:1      | Reached XP level 2. HP: 29/29 MP: 1/1
   541 | D:2      | Reached XP level 3. HP: 36/36 MP: 2/2
   586 | D:2      | Found a burning altar of Makhleb.
   697 | D:2      | Noticed Terence
   706 | D:2      | Killed Terence
   706 | D:2      | Reached skill level 4 in Unarmed Combat
   706 | D:2      | Reached XP level 4. HP: 29/44 MP: 3/3
   844 | D:2      | Noticed Natasha
   852 | D:2      | Killed Natasha
   852 | D:2      | Reached XP level 5. HP: 53/53 MP: 4/4
   938 | D:2      | Noticed Natasha
   953 | D:2      | Killed Natasha
   957 | D:2      | Noticed Natasha
   968 | D:2      | Killed Natasha
  1150 | D:3      | Noticed Grinder
  1168 | D:3      | Paralysed by Grinder for 5 turns
  1178 | D:3      | Killed Grinder
  1178 | D:3      | Reached skill level 5 in Unarmed Combat
  1178 | D:3      | Reached skill level 1 in Evocations
  1178 | D:3      | Reached XP level 6. HP: 16/61 MP: 5/5
  1322 | D:3      | Found a glowing drain.
  1351 | Sewer    | Entered a sewer
  1374 | Sewer    | Reached XP level 7. HP: 59/67 MP: 6/6
  1992 | D:3      | Found a white marble altar of Elyvilon.
  2329 | D:4      | Found a staircase to the Ecumenical Temple.
  2342 | Temple   | Entered the Ecumenical Temple
  2743 | D:4      | Reached skill level 6 in Unarmed Combat
  2903 | D:4      | Found a shattered altar of Ashenzari.
  3174 | D:4      | Reached XP level 8. HP: 72/78 MP: 8/8
  3532 | D:5      | Entered Level 5 of the Dungeon
  3949 | D:5      | Gained mutation: Your mind is acute. (Int +2) [potion of mutation]
  3949 | D:5      | Gained mutation: You are partially covered in icy blue scales. (AC +2) [potion of mutation]
  3952 | D:5      | Lost mutation: Your mind is acute. (Int +2) [potion of mutation]
  3952 | D:5      | Lost mutation: You are partially covered in icy blue scales. (AC +2) [potion of mutation]
  3952 | D:5      | Gained mutation: Your system is resistant to poisons. (rPois) [potion of mutation]
  3952 | D:5      | Gained mutation: You have a pair of small horns on your head. [potion of mutation]
  3952 | D:5      | Gained mutation: You tend to lose your temper in combat. [potion of mutation]
  3952 | D:5      | Gained mutation: Your movements are slightly less encumbered by armour. (ER -2) [potion of mutation]
  4029 | D:5      | Lost mutation: You tend to lose your temper in combat. [potion of mutation]
  4029 | D:5      | Lost mutation: You have a pair of small horns on your head. [potion of mutation]
  4029 | D:5      | Gained mutation: You have a pair of small horns on your head. [potion of mutation]
  4499 | D:6      | Reached skill level 7 in Unarmed Combat
  4864 | D:7      | Noticed P0WERM0DE's ghost (novice DsFi)
  5177 | D:7      | Noticed a hippogriff
  5186 | D:7      | Killed a hippogriff
  5186 | D:7      | Reached XP level 9. HP: 76/87 MP: 10/10
  5198 | D:7      | Noticed Duvessa
  5199 | D:7      | Noticed Dowan
  5203 | D:7      | Killed Dowan
  5210 | D:7      | Killed Duvessa
  5210 | D:7      | Reached skill level 5 in Dodging
  5210 | D:7      | Reached skill level 8 in Unarmed Combat
  5521 | D:7      | Killed P0WERM0DE's ghost
  5521 | D:7      | Reached skill level 5 in Fighting
  6010 | D:8      | Found a staircase to the Lair.
  6057 | D:8      | Reached skill level 9 in Unarmed Combat
  6144 | D:8      | Found Hackomoa's Book Boutique.
  6275 | D:8      | HP: 4/88 [killer bee (7)]
  6276 | D:8      | Slain by a killer bee

Skill      XL: |  1  2  3  4  5  6  7  8  9 |
---------------+----------------------------+-----
Unarmed Combat | 4 5 6 7 9 |  9.2
Dodging        | 3 4 5 |  5.7
Fighting       | 3 4 5 |  5.6
Stealth        | 2 3 |  3.0
Evocations     | 1 3 4 |  4.0

Action                   |  1- 3 |  4- 6 |  7- 9 || total
-------------------------+-------+-------+-------++-------
Melee: Unarmed           |    69 |   105 |   328 ||   502
       Punch             |       |     5 |    20 ||    25
       Giant spiked club |       |       |     7 ||     7
       Headbutt          |       |       |    32 ||    32
  Use: Scroll            |       |       |    20 ||    20
       Potion            |       |       |     3 ||     3
 Stab: Sleeping          |     1 |     1 |    13 ||    15
  Eat: Chunk             |    12 |     6 |    46 ||    64
Armor: Robe              |    24 |    20 |    85 ||   129
Dodge: Dodged            |    28 |    39 |   204 ||   271
